 Dungeon Crawl Stone Soup version 0.31-a0-1547-g618ab1f346 (webtiles) character file.

Game seed: 6135874241681561386

100 Flugslaktarn the Apothecary (level 4, -1/27 HPs)
             Began as an Octopode Alchemist on Jan 3, 2024.
             Slain by an orc
             ... wielding a +0 heavy flail
              (7 damage)
             ... on level 3 of the Dungeon.
             The game lasted 00:01:22 (805 turns).

Flugslaktarn the Apothecary (Octopode Alchemist)     Turns: 805, Time: 00:01:22

Health: -1/27      AC:  1    Str:  7    XL:     4   Next: 74%
Magic:  0/8        EV: 13    Int: 19    God:
Gold:   64         SH:  0    Dex: 18    Spells: 8/9 levels left

rFire   . . .        j - staff of alchemy
rCold   . . .        (no shield)
rNeg    . . .        (helmet restricted)
rPois   +            (no amulet)
rElec   .            d - +6 ring of dexterity
rCorr   .            (no ring)
SInv    .            (no ring)
Will    .....        (no ring)
Stlth   +++          (no ring)
HPRegen 0.24/turn    (no ring)
MPRegen 0.11/turn    (no ring)
                     (no ring)

%: no passive effects
@: very slightly contaminated
A: almost no armour, amphibious, 8 rings, camouflage 1, gelatinous body 1,
(nimble swimmer 1), tentacles
a: no special abilities


You were on level 3 of the Dungeon.
You visited 1 branch of the dungeon, and saw 3 of its levels.

You collected 64 gold pieces.

Inventory:

Hand Weapons
 h - a +0 falchion
   (You took it off an orc on level 2 of the Dungeon)
Magical Staves
 j - a staff of alchemy (weapon)
   (You found it on level 3 of the Dungeon)
Jewellery
 d - a +6 ring of dexterity (left tentacle)
   (You found it on level 1 of the Dungeon)
 i - a ring of fire
   (You took it off a kobold on level 3 of the Dungeon)
Scrolls
 b - 2 scrolls of poison {unknown}
 f - a scroll of fear {unknown}
Potions
 a - a potion of magic
 c - 2 potions of curing {unknown}
 e - a potion of ambrosia {unknown}
 g - a potion of brilliance {unknown}


   Skills:
 - Level 2.0 Dodging
 - Level 2.6 Stealth
 + Level 3.0 Spellcasting
 - Level 1.0 Conjurations
 * Level 5.1 Alchemy


You had 8 spell levels left.
You knew the following spells:

 Your Spells              Type           Power      Damage    Failure   Level
a - Sting                 Conj/Alch      84%        1d8       4%          1

Your spell library contained the following spells:

 Spells                   Type           Power      Damage    Failure   Level
 Mercury Vapours          Alch/Air       38%        N/A       8%          2
 Cigotuvi's Dreadful Rot  Necr/Alch/Air  28%        N/A       12%         2
 Olgreb's Toxic Radiance  Alch           33%        N/A       19%         4
 Mephitic Cloud           Conj/Alch/Air  16%        N/A       21%         3
 Sticky Flame             Fire/Alch      19%        2d6       45%         4
 Dispel Undead            Necr           2%         3d7       83%         4
 Martyr's Knell           Necr/Summ      2%         N/A       83%         4
 Death Channel            Necr           1%         N/A       100%        6


Dungeon Overview and Level Annotations

Branches:
Dungeon (3/15)

Altars:
Qazlal


Innate Abilities, Weirdness & Mutations

You cannot wear most types of armour.
You are amphibious.
You can wear up to eight rings at the same time.
Your skin changes colour to match your surroundings (Stealth+).
Your rubbery body absorbs attacks. (AC +1, EV +1)
((You are camouflaged when in or above water. (Stealth+)))
You have tentacles for arms and can constrict up to eight enemies at once.


Message History

The orc wizard is lightly wounded.
The orc wizard shouts!
You hear a shout! x2
An orc comes into view. It is wielding a +0 dagger.
You hear a shout!
Casting: Sting (safe; 4% risk of failure)
Confirm with . or Enter, or press ? or * to list all spells.
Aiming: Sting (safe; 4% risk of failure)
Press: ? - help, Shift-Dir - straight line, f/p - orc wizard
Aim: an orc wizard, wielding a +0 dagger and wearing a +0 robe (lightly wounded, poisoned, 70% to hit)
You feel a surge of power!
The sting hits the orc wizard.
The orc wizard looks even sicker.
The orc wizard is moderately wounded.
Casting: Sting (safe; 4% risk of failure)
Confirm with . or Enter, or press ? or * to list all spells.
Aiming: Sting (safe; 4% risk of failure)
Press: ? - help, Shift-Dir - straight line, f/p - orc wizard
Aim: an orc wizard, wielding a +0 dagger and wearing a +0 robe (moderately wounded, very poisoned, 70% to hit)
You feel a surge of power!
The sting misses the orc wizard.
The sting hits the orc!
The orc is poisoned.
You kill the orc!
The orc wizard gestures at you while chanting.
You resist with some effort.
An orc comes into view. It is wielding a +0 mace.
The orc shouts!
You hear a shout!
The orc wizard misses you.
You hit the orc wizard but do no damage.
Your grab misses the orc wizard.
The orc wizard is moderately wounded.
The orc wizard gestures at you while chanting.
The puff of flame hits you!
Your magical contamination has completely faded away.
Casting: Sting (safe; 4% risk of failure)
Confirm with . or Enter, or press ? or * to list all spells.
Aiming: Sting (safe; 4% risk of failure)
Press: ? - help, Shift-Dir - straight line, f/p - orc wizard
Aim: an orc wizard, wielding a +0 dagger and wearing a +0 robe (heavily wounded, very poisoned, 70% to hit)
You feel a surge of power!
The sting hits the orc wizard but does no damage.
The orc wizard looks even sicker.
The orc wizard is heavily wounded.
The orc wizard points at you and mumbles some strange words.
The magic dart hits you.
You hit the orc wizard but do no damage.
Your grab misses the orc wizard.
The orc wizard is heavily wounded.
An orc comes into view. It is wielding a +0 whip.
The orc wizard barely misses you.
You hit the orc wizard but do no damage.
You grab the orc wizard. You squeeze the orc wizard.
The orc wizard is almost dead.
You constrict the orc wizard, but do no damage.
The orc wizard hits you with a +0 dagger.
You hit the orc wizard but do no damage.
You squeeze the orc wizard.
You kill the orc wizard!
An orc comes into view. It is wielding a +0 heavy flail.
The orc barely misses you.
Your Spellcasting skill increases to level 3!
Your Alchemy skill increases to level 5!
You hit the orc. Your grab misses the orc. Your squeeze misses the orc.
The orc is moderately wounded.
The orc hits you with a +0 mace.
You hit the orc. Your grab misses the orc.
The orc is heavily wounded.
The orc misses you.
You hit the orc. You grab the orc. You squeeze the orc.
You kill the orc!
Casting: Sting (safe; 4% risk of failure)
Confirm with . or Enter, or press ? or * to list all spells.
Aiming: Sting (safe; 4% risk of failure)
Press: ? - help, Shift-Dir - straight line, f - orc
Aim: an orc, wielding a +0 whip (76% to hit)
You feel a surge of power!
The sting hits the orc.
The orc is poisoned.
The orc is lightly wounded.
The orc misses you.
Casting: Sting (safe; 4% risk of failure)
Confirm with . or Enter, or press ? or * to list all spells.
Aiming: Sting (safe; 4% risk of failure)
Press: ? - help, Shift-Dir - straight line, f/p - orc
Aim: an orc, wielding a +0 whip (moderately wounded, poisoned, 76% to hit)
You feel a surge of power!
You miscast Sting.
You are very lightly contaminated with residual magic.
Nothing appears to happen.
The orc hits you with a +0 whip!
* * * LOW HITPOINT WARNING * * *
Casting: Sting (safe; 4% risk of failure)
Confirm with . or Enter, or press ? or * to list all spells.
Aiming: Sting (safe; 4% risk of failure)
Press: ? - help, Shift-Dir - straight line, f/p - orc
Aim: an orc, wielding a +0 whip (moderately wounded, poisoned, 76% to hit)
You feel a surge of power!
The sting hits the orc!
The orc looks even sicker.
You kill the orc!
Casting: Sting (safe; 4% risk of failure)
Confirm with . or Enter, or press ? or * to list all spells.
Aiming: Sting (safe; 4% risk of failure)
Press: ? - help, Shift-Dir - straight line, f - orc
Aim: an orc, wielding a +0 heavy flail (76% to hit)
You feel a surge of power!
The sting hits the orc.
The orc is poisoned.
The orc is moderately wounded.
The orc hits you with a +0 heavy flail!
You die...

### ..# #)# #.#
#o# ###@# ##..$#
##....#
######...#.# ##
##....>..##.#
..####..###.####.#
.................#
###'##.....[.....#
#....#...<.......#


You could see an orc (poisoned).

Vanquished Creatures
  Jessica (D:3)
  An orc wizard (D:3)
  An adder (D:3)
  8 orcs
  4 ball pythons
  3 endoplasms
  A giant cockroach (D:2)
  3 goblins
  2 hobgoblins
  A quokka (D:3)
  A bat (D:2)
  A frilled lizard (D:3)
  5 kobolds
32 creatures vanquished.

Notes
Turn   | Place    | Note
-------+----------+-------------------------------------------
     0 | D:1      | Flugslaktarn the Octopode Alchemist began the quest for the
                  | Orb.
     0 | D:1      | Reached XP level 1. HP: 11/11 MP: 3/3
   263 | D:1      | Reached XP level 2. HP: 15/17 MP: 1/5
   540 | D:3      | Reached skill level 4 in Alchemy
   584 | D:2      | Reached XP level 3. HP: 15/21 MP: 1/6
   648 | D:3      | Found a stormy altar of Qazlal.
   690 | D:3      | Noticed Jessica
   697 | D:3      | Killed Jessica
   698 | D:3      | Reached XP level 4. HP: 18/27 MP: 2/8
   799 | D:3      | Reached skill level 5 in Alchemy
   805 | D:3      | Slain by an orc

Illustrated notes

Levels and vault maps discovered:
D:1:      mrwooster_arrival_arrow, layout_basic, serial_shops, shop,
          st_stairs_4, hex_large
D:2:      layout_rooms, chequers_ecumenical_altar_grove
D:3:      layout_rooms, mainiacjoe_overflow_paths,
          nicolae_qazlal_general_emergency, nrook_mini_vaults,
          due_unseen_surprise, uniq_jessica, uniq_sigmund,
          uniq_crazy_yiuf_cottage

Skill      XL: |  1  2  3  4 |
---------------+-------------+-----
Alchemy        | 4 5 |  5.1
Spellcasting   | 3 |  3.0
Dodging        | |  2.0
Stealth        | |  2.6
Conjurations   | |  1.0

Action                     |  1- 3 |  4- 6 || total
---------------------------+-------+-------++-------
  Melee: Unarmed           |    18 |       ||    18
         Constrict         |     9 |     4 ||    13
         Punch             |     1 |       ||     1
         Tentacles         |     6 |     5 ||    11
         Falchion          |     3 |       ||     3
         Staff             |       |    11 ||    11
   Cast: Sting             |    28 |    12 ||    40
 Armour: Skin              |    17 |     8 ||    25
  Dodge: Dodged            |    14 |    10 ||    24

Table legend: (Time is in decaauts)
 A = Elapsed time spent in this place.
 B = Non-inter-level travel time spent in this place.
 C = Inter-level travel time spent in this place.
 D = Time resting spent in this place.
 E = Time spent auto-exploring this place.
 F = Levels seen in this place.
 G = Mean time per level.
                   A        B        C        D        E       F      G
               +--------+--------+--------+--------+--------+-----+--------+
         Total |    808 |    744 |     64 |      0 |    466 |   3 |  269.3 |
       Dungeon |    808 |    744 |     64 |      0 |    466 |   3 |  269.3 |
               +--------+--------+--------+--------+--------+-----+--------+

Top non-repeatable levels by time:
     D:2: 293 daAuts
     D:1: 268 daAuts
     D:3: 246 daAuts
